[Event "ICC Open 2015"]
[Site "Internet Chess Club"]
[Date "2015.05.30"]
[Round "3"]
[White "obt"]
[Black "safadi100"]
[Result "0-1"]
[ICCResult "White forfeits on time"]
[WhiteElo "1981"]
[BlackElo "1884"]
[Opening "French: exchange variation"]
[ECO "C01"]
[NIC "FR.01"]
[Time "14:26:50"]
[TimeControl "180+0"]

1. e4 e6 2. d4 d5 3. exd5 exd5 4. Bd3 Nc6 5. Ne2 Qh4 6. Nbc3 Be6 7. Nb5
O-O-O 8. Bf4 Rd7 9. Bg3 Qf6 10. c3 a6 11. Na3 h5 12. h4 Nh6 13. b4 Nf5 14.
b5 axb5 15. Bxb5 Bxa3 16. Qa4 Nxg3 17. Nxg3 Bb2 18. Bxc6 Bxc3+ 19. Kf1 Kd8
20. Bxd7 Bxd7 21. Qa8+ Bc8 22. Rd1 g6 23. Ne2 Bb4 24. Rh3 Re8 25. Rf3 Qe6
26. Re3 Qd7 27. Rxe8+ Qxe8 28. Nf4 Qb5+ 29. Kg1 Qc4 30. Qa4 b5 31. Qb3 Qxb3
{White forfeits on time}
0-1

[Event "ICC Open 2015"]
[Site "Internet Chess Club"]
[Date "2015.05.30"]
[Round "3"]
[White "pierredams"]
[Black "f8"]
[Result "1-0"]
[ICCResult "Black forfeits on time"]
[WhiteElo "1991"]
[BlackElo "1390"]
[Opening "Pirc: Holmov system"]
[ECO "B07"]
[NIC "PU.07"]
[Time "14:27:54"]
[TimeControl "180+0"]

1. e4 d6 2. d4 Nf6 3. Nc3 g6 4. Bc4 Bg7 5. Qe2 e6 6. e5 Nfd7 7. f4 d5 8. Bd3
c5 9. dxc5 Nxc5 10. Bb5+ Bd7 11. Nf3 Bxb5 12. Qxb5+ Nbd7 13. Be3 Qc7 14. O-O
O-O 15. Rac1 a6 16. Qe2 b5 17. a3 Rac8 18. Nd4 Nb6 19. Nd1 Nc4 20. Bf2 Ne4
21. Be1 Qc5 22. c3 h5 23. Nf2 Nxf2 24. Bxf2 Qc7 25. g3 Bh6 26. Rb1 Nb6 27.
Nb3 Qc4 28. Qxc4 Nxc4 29. Nc5 a5 30. Rfd1 {Black forfeits on time} 1-0

[Event "ICC Open 2015"]
[Site "Internet Chess Club"]
[Date "2015.05.30"]
[Round "3"]
[White "AlexSlizhevsky"]
[Black "Lilinstein"]
[Result "0-1"]
[ICCResult "White forfeits on time"]
[WhiteElo "2022"]
[BlackElo "2584"]
[Opening "Sicilian"]
[ECO "B56"]
[NIC "SI.01"]
[Time "14:27:45"]
[TimeControl "180+0"]

1. e4 c5 2. Nf3 d6 3. d4 cxd4 4. Nxd4 Nf6 5. Nc3 a5 6. Be3 Nc6 7. f3 Bd7 8.
Qd2 a4 9. a3 g6 10. g4 Bg7 11. h4 h5 12. g5 Nh7 13. O-O-O Nf8 14. Nd5 Ne6
15. Nxe6 fxe6 16. Bb6 Qb8 17. Nc7+ Kf7 18. Bc4 Ra6 19. Qf4+ Kg8 20. Nxe6
Bxe6 21. Bxe6+ Kh7 22. Bf2 b5 23. Bf7 Ne5 24. Bd5 b4 25. axb4 Qxb4 26. Qd2
Qb5 27. c4 Nxc4 28. Bxc4 Qxc4+ 29. Qc2 Qb5 30. Rd5 Qb7 {White forfeits on
time} 0-1

[Event "ICC Open 2015"]
[Site "Internet Chess Club"]
[Date "2015.05.30"]
[Round "3"]
[White "PADILLON2189"]
[Black "EbbeK"]
[Result "1-0"]
[ICCResult "Black forfeits on time"]
[WhiteElo "2044"]
[BlackElo "1517"]
[Opening "Grünfeld: exchange variation"]
[ECO "D85"]
[NIC "GI.04"]
[Time "14:26:52"]
[TimeControl "180+0"]

1. d4 Nf6 2. c4 g6 3. Nc3 d5 4. cxd5 Nxd5 5. e4 Nxc3 6. bxc3 c5 7. Nf3 Bg7
8. Be3 Nc6 9. Qd2 O-O 10. d5 Qa5 11. Rc1 Rd8 12. c4 Qxd2+ 13. Kxd2 b6 14.
Bd3 Ne5 15. Nxe5 Bxe5 16. f4 Bg7 17. Kc2 e6 18. Be2 exd5 19. cxd5 Bb7 20.
Bf3 Re8 21. Bf2 Rad8 22. Rhd1 a6 23. a4 Bf8 24. Rb1 b5 25. axb5 axb5 26.
Rxb5 Ba6 27. Rb6 Bc4 28. Kc3 Ba2 29. Rd2 Ra8 30. e5 c4 31. d6 Ra3+ 32. Kb2
Ra4 33. Rc2 Bb3 34. Rxb3 cxb3 35. Kxb3 Rxf4 36. Bg3 {Black forfeits on time}
1-0

[Event "ICC Open 2015"]
[Site "Internet Chess Club"]
[Date "2015.05.30"]
[Round "3"]
[White "leonardoalmeida"]
[Black "playwaycool"]
[Result "0-1"]
[ICCResult "White forfeits on time"]
[WhiteElo "1829"]
[BlackElo "2345"]
[Opening "Van't Kruijs opening"]
[ECO "A00"]
[Time "14:27:19"]
[TimeControl "180+0"]

1. e3 d5 2. b3 Nd7 3. Bb2 c6 4. Nf3 Ngf6 5. Be2 g6 6. d4 Bg7 7. Nbd2 Ne4 8.
Nxe4 dxe4 9. Nd2 f5 10. c4 e5 11. dxe5 Nxe5 12. Qc2 O-O 13. a3 Nd3+ 14. Bxd3
exd3 15. Qc1 Rf7 16. Bxg7 Rxg7 17. Qc3 f4 18. O-O Rf7 19. exf4 Rxf4 20. Rfe1
Bf5 21. g3 Rd4 22. Re5 Qd7 23. Rae1 Rf8 24. Re7 Qd6 25. Rxb7 Bc8 26. Rxa7
Qf6 27. Nf3 c5 28. Nxd4 Qxf2+ 29. Kh1 cxd4 30. Qa5 Bh3 31. Qd5+ Rf7 32. Rxf7
Qxf7 33. Re8+ Kg7 {White forfeits on time} 0-1

[Event "ICC Open 2015"]
[Site "Internet Chess Club"]
[Date "2015.05.30"]
[Round "3"]
[White "Palenque"]
[Black "a-rubinstein"]
[Result "0-1"]
[ICCResult "White forfeits on time"]
[WhiteElo "1691"]
[BlackElo "2139"]
[Opening "Sicilian: closed, 6.Be3"]
[ECO "B26"]
[NIC "SI.45"]
[Time "14:26:36"]
[TimeControl "180+0"]

1. e4 c5 2. Nc3 Nc6 3. g3 g6 4. Bg2 Bg7 5. d3 d6 6. Be3 e6 7. Qd2 Nge7 8.
Bh6 O-O 9. h4 f6 10. Bxg7 Kxg7 11. h5 g5 12. h6+ Kh8 13. O-O-O e5 14. f4 Rg8
15. fxg5 Rxg5 16. Qf2 Ng8 17. Nf3 Rg6 18. Rdf1 Be6 19. Nh4 Rxh6 20. Nf5 Bxf5
21. Qxf5 Rxh1 22. Rxh1 Qe7 23. Nd5 Qf7 24. Kb1 Rf8 25. Bf3 Nd4 26. Qg4 Nxf3
27. Qxf3 Ne7 28. Ne3 Qg6 29. Nf5 Nxf5 30. exf5 Qf7 31. g4 Rg8 32. Rg1 Rg5
33. c4 Kg7 34. Kc2 Kf8 35. a3 Ke8 36. b4 cxb4 37. axb4 Kd8 38. Kc3 a6 39. b5
axb5 40. cxb5 Qc7+ 41. Kb3 Qb6 42. Ka4 Qa7+ 43. Kb3 Rg7 {White forfeits on
time} 0-1

[Event "ICC Open 2015"]
[Site "Internet Chess Club"]
[Date "2015.05.30"]
[Round "3"]
[White "chessersizing"]
[Black "oseledets"]
[Result "0-1"]
[ICCResult "White resigns"]
[WhiteElo "1630"]
[BlackElo "2046"]
[Opening "King's Indian: Sämisch, 5...O-O"]
[ECO "E81"]
[NIC "KI.52"]
[Time "14:27:46"]
[TimeControl "180+0"]

1. c4 Nf6 2. d4 g6 3. Nc3 Bg7 4. e4 d6 5. f3 O-O 6. Nge2 e5 7. dxe5 dxe5 8.
Qxd8 Rxd8 9. Bd2 c6 10. O-O-O Be6 11. b3 Nbd7 12. Ng3 Nc5 13. Be2 h5 14. h4
a5 15. Kb2 Rd7 16. Be3 Bf8 17. Rxd7 Bxd7 18. Rd1 a4 19. Bg5 a3+ 20. Kc2 Be7
21. b4 Ne6 22. Bxf6 Nd4+ 23. Kc1 Bxf6 24. Bf1 Bxh4 25. Nge2 Bg5+ 26. Kb1
Nxe2 27. Bxe2 Be6 28. b5 Rd8 29. Rxd8+ Bxd8 30. bxc6 bxc6 31. Na4 Be7 32.
Kc2 Kf8 33. Kc3 Ke8 34. c5 Bxa2 35. Bc4 Bxc4 36. Kxc4 a2 {White resigns} 0-1

[Event "ICC Open 2015"]
[Site "Internet Chess Club"]
[Date "2015.05.30"]
[Round "3"]
[White "HaraldEskilstu"]
[Black "sanjithc"]
[Result "1-0"]
[ICCResult "Black checkmated"]
[WhiteElo "2023"]
[BlackElo "1748"]
[Opening "Sicilian: closed"]
[ECO "B23"]
[NIC "SI.44"]
[Time "14:27:20"]
[TimeControl "180+0"]

1. e4 c5 2. Nc3 d6 3. g3 Nf6 4. Bg2 g6 5. d3 Bg7 6. f4 Nc6 7. h3 a6 8. Nge2
Bd7 9. O-O O-O 10. Be3 Rb8 11. Qd2 b5 12. g4 Qc7 13. Kh1 b4 14. Nd1 a5 15.
g5 Nh5 16. Kh2 Qc8 17. Qe1 a4 18. Rb1 Nd8 19. Qh4 f6 20. gxf6 Bxf6 21. Qe1
e5 22. Nf2 Nf7 23. Ng4 Bg7 24. Qh4 exf4 25. Nxf4 Nxf4 26. Bxf4 Ne5 27. Bxe5
dxe5 28. Nf6+ Bxf6 29. Rxf6 Qd8 30. Rbf1 Qe7 31. Rxf8+ Qxf8 32. Rxf8+ Rxf8
33. Qe7 Rf7 34. Qxe5 Kf8 35. Qxc5+ Ke8 36. e5 b3 37. axb3 axb3 38. cxb3 Kd8
39. Bd5 Re7 40. Qd6 Ke8 41. e6 Bc8 42. Bc6+ Kf8 43. Qd8+ Kg7 44. Qxe7+ Kh6
45. Qh4+ Kg7 46. Bd5 Bxe6 47. Bxe6 h6 48. Qe7+ Kh8 49. Qf6+ Kh7 50. Bf7 g5
51. Qg6+ Kh8 52. Qg8# {Black checkmated} 1-0

[Event "ICC Open 2015"]
[Site "Internet Chess Club"]
[Date "2015.05.30"]
[Round "3"]
[White "RichardZ"]
[Black "FytinFrank"]
[Result "1-0"]
[ICCResult "Black forfeits on time"]
[WhiteElo "1473"]
[BlackElo "2004"]
[Opening "Caro-Kann defense"]
[ECO "B12"]
[NIC "CK.01"]
[Time "14:26:50"]
[TimeControl "180+0"]

1. e4 c6 2. d4 g6 3. e5 d5 4. exd6 Qxd6 5. Nf3 Bg7 6. Be3 Bg4 7. Be2 Nd7 8.
Nbd2 Ngf6 9. c3 O-O 10. O-O b5 11. h3 Bf5 12. Re1 Rfe8 13. Nf1 e5 14. dxe5
Qxd1 15. Raxd1 Nxe5 16. Nxe5 Rxe5 17. Ng3 Be6 18. Bd4 Rd5 19. Bf3 Rd6 20.
Bxf6 Rxd1 21. Rxd1 Bxf6 22. Bxc6 Rb8 23. Bf3 Bxa2 24. Ra1 Bc4 25. Rxa7 b4
26. Ra8 Rxa8 27. Bxa8 bxc3 28. bxc3 Bxc3 29. Ne4 Be5 30. Nd2 Bd3 31. g3 h5
32. Kg2 Kg7 33. Nf3 Bc7 34. Nd2 Bb6 35. f4 f6 36. Bf3 Kh6 37. Ne4 Bd4 38.
Nf2 Ba6 39. Be4 g5 40. fxg5+ fxg5 41. Nd3 g4 42. h4 Be3 43. Ne5 Be2 44. Nf7+
Kg7 45. Nd6 Kf6 46. Nb7 Ke5 47. Bg6 Bf3+ 48. Kh2 Bxb7 49. Bxh5 Bf3 50. Bg6
Kd4 51. h5 Bh6 52. Kg1 Ke3 53. Kh2 Kf2 54. Bf7 Bd2 55. Bg6 Be2 56. Bf7 Bh6
57. Bg6 Ke3 58. Bf5 Bf3 59. Bg6 Kd4 60. Bf7 Ke5 61. Bg6 Kf6 62. Be8 Kg5 63.
Bg6 Bd5 64. Be8 Be6 65. Bg6 Bf5 66. Be8 Kf6 67. Kg2 Be3 68. Kh2 Kg5 69. Kg2
Be4+ 70. Kh2 Bd5 71. Bg6 Bg8 72. Be8 Bh7 73. Kg2 Kf6 74. Kh2 Ke7 75. Bg6
Bxg6 76. hxg6 Kf6 77. g7 Kg6 78. g8=Q+ Kh6 79. Qh8+ {Black forfeits on time}
1-0

[Event "ICC Open 2015"]
[Site "Internet Chess Club"]
[Date "2015.05.30"]
[Round "3"]
[White "wolwerine"]
[Black "ROWLAND"]
[Result "1-0"]
[ICCResult "Black forfeits on time"]
[WhiteElo "2167"]
[BlackElo "1722"]
[Opening "Philidor: exchange variation"]
[ECO "C41"]
[NIC "KP.08"]
[Time "14:27:23"]
[TimeControl "180+0"]

1. e4 e5 2. Nf3 d6 3. d4 exd4 4. Nxd4 Nf6 5. Nc3 Be7 6. Be2 O-O 7. O-O a5 8.
a3 Na6 9. h3 Re8 10. Re1 h6 11. Bf3 Bf8 12. Bf4 Nc5 13. Qd2 Kh7 14. Rad1 Ne6
15. Bg3 Nxd4 16. Qxd4 Be6 17. Bh4 g5 18. Bg3 Bg7 19. Qd3 Qe7 20. e5+ Kh8 21.
exf6 Qxf6 22. Bxb7 Rab8 23. Bc6 Re7 24. Rb1 Bf5 25. Be4 Bxe4 26. Rxe4 Rxe4
27. Nxe4 Qg6 28. c3 f5 29. Nd2 Qf6 30. f4 g4 31. hxg4 fxg4 32. b3 h5 33. Ne4
Qe7 34. Ng5 Bf6 35. Qg6 Bxg5 36. Qxh5+ Kg7 37. Qxg5+ Qxg5 38. fxg5 Kg6 39.
b4 axb4 40. cxb4 c5 41. Bxd6 Rd8 42. bxc5 Re8 43. Kh2 Re2 44. Kg3 Re3+ 45.
Kxg4 Re4+ 46. Bf4 Rc4 47. Ra1 Ra4 48. c6 Rc4 49. c7 Kg7 50. Rd1 Kf7 51. Rd8
Ke7 52. c8=Q Rxc8 53. Rxc8 {Black forfeits on time} 1-0

[Event "ICC Open 2015"]
[Site "Internet Chess Club"]
[Date "2015.05.30"]
[Round "3"]
[White "QuieroAprender"]
[Black "geom"]
[Result "0-1"]
[ICCResult "White forfeits on time"]
[WhiteElo "1344"]
[BlackElo "1699"]
[Opening "Ruy Lopez: exchange variation, 5.O-O"]
[ECO "C68"]
[NIC "RL.08"]
[Time "14:26:35"]
[TimeControl "180+0"]

1. e4 e5 2. Nf3 Nc6 3. Bb5 a6 4. Bxc6 dxc6 5. O-O Bg4 6. d4 Bd6 7. dxe5 Bxf3
8. Qxf3 Bxe5 9. Rd1 Qe7 10. c3 Nf6 11. Bg5 h6 12. Bxf6 Qxf6 13. Nd2 O-O 14.
Qxf6 Bxf6 15. Nf3 Rfe8 16. Re1 Rad8 17. e5 Bg5 18. Nxg5 hxg5 19. g3 Rd2 20.
Rab1 Kh7 21. h3 Kg6 22. Kf1 Re6 23. a3 Kf5 24. g4+ Kf4 25. Rbd1 Rd5 26. Rd4+
Rxd4 27. cxd4 c5 28. dxc5 Rxe5 29. Rc1 Ke4 30. Ke2 Kd5+ 31. Kd3 Re6 32. b4
Rf6 33. Ke3 Rf4 34. f3 Kc6 35. Rc3 Rf6 36. Rd3 Rh6 37. Ke4 Rxh3 38. Kf5 Rh6
39. Kxg5 Rg6+ 40. Kf5 Rf6+ 41. Ke4 Re6+ 42. Kf5 Re1 43. Kf4 Ra1 44. g5 Rg1
45. Kf5 Rg3 46. Kf4 Rg1 47. Kf5 Rh1 48. f4 Re1 49. g6 fxg6+ 50. Kxg6 Rg1+
51. Kf5 g6+ 52. Kf6 b6 53. cxb6 cxb6 54. Re3 Rf1 55. Re6+ Kd7 56. Rxb6 Rxf4+
57. Kxg6 Rg4+ 58. Kf5 Rh4 59. Rxa6 Rh5+ 60. Kg6 Rh6+ {White forfeits on
time} 0-1

[Event "ICC Open 2015"]
[Site "Internet Chess Club"]
[Date "2015.05.30"]
[Round "3"]
[White "Danya"]
[Black "maly"]
[Result "1-0"]
[ICCResult "Black forfeits on time"]
[WhiteElo "3071"]
[BlackElo "2597"]
[Opening "Nimzo-Indian: Fischer variation, 5.Ne2"]
[ECO "E44"]
[NIC "NI.13"]
[Time "14:26:54"]
[TimeControl "180+0"]

1. d4 Nf6 2. c4 e6 3. Nc3 Bb4 4. e3 b6 5. Ne2 Ne4 6. a3 Nxc3 7. Nxc3 Bxc3+
8. bxc3 Bb7 9. Bd3 Qg5 10. Rg1 O-O 11. Qe2 Qh4 12. h3 f5 13. a4 Be4 14. a5
Bxd3 15. Qxd3 Nc6 16. a6 d6 17. Bd2 Kh8 18. g3 Qxh3 19. O-O-O Qg4 20. Rh1
Na5 21. Rh4 Qf3 22. Rdh1 h6 23. Be1 Rf6 24. d5 Nb3+ 25. Kb2 Nc5 26. Qc2 e5
27. R1h2 Rb8 28. Ka2 Kg8 29. Bd2 c6 30. Bc1 cxd5 31. cxd5 Qxd5+ 32. c4 Qd3
33. Qxd3 Nxd3 34. Ba3 Nc5 35. f3 Nxa6 36. Rd2 Nc5 37. Rh1 Kf7 38. Rhd1 Ke7
39. f4 exf4 40. exf4 Re6 41. Kb1 a5 42. g4 fxg4 43. f5 Rf6 44. Bb2 Rxf5 45.
Rxd6 g3 46. Rg6 Rg5 47. Rxg5 hxg5 48. Be5 Rf8 49. Bd6+ Ke8 50. Re1+ Kf7 51.
Rf1+ Kg8 52. Rxf8+ Kh7 53. Bxg3 Ne4 54. Be5 Kg6 55. Rb8 Nf6 56. Rxb6 g4 57.
Bxf6 Kf5 58. c5 gxf6 59. c6 g3 60. Rb2 g2 61. Rxg2 {Black forfeits on time}
1-0

[Event "ICC Open 2015"]
[Site "Internet Chess Club"]
[Date "2015.05.30"]
[Round "3"]
[White "talaatabdin"]
[Black "nitishdas"]
[Result "0-1"]
[ICCResult "White forfeits on time"]
[WhiteElo "1431"]
[BlackElo "1791"]
[Opening "Sicilian: Grand Prix attack"]
[ECO "B23"]
[NIC "SI.44"]
[Time "14:26:59"]
[TimeControl "180+0"]

1. e4 c5 2. Nc3 Nc6 3. f4 g6 4. Nf3 Bg7 5. Be2 d6 6. O-O Nf6 7. Bb5 O-O 8.
f5 Nd4 9. Nxd4 cxd4 10. Ne2 Nxe4 11. fxg6 hxg6 12. d3 Nc5 13. Qe1 a6 14. Bc4
b5 15. Bb3 Bb7 16. Bg5 Qd7 17. Ng3 e5 18. Bf6 Nxb3 19. axb3 Qe6 20. Bxg7
Kxg7 21. Qf2 f5 22. Rae1 Rac8 23. Re2 Qd5 24. Qe1 e4 25. dxe4 fxe4 26. Nxe4
Rxf1+ 27. Qxf1 Re8 28. Qf6+ Kh6 29. Qh4+ Qh5 30. Qxh5+ gxh5
{White forfeits on time}
0-1

[Event "ICC Open 2015"]
[Site "Internet Chess Club"]
[Date "2015.05.30"]
[Round "3"]
[White "cap78red"]
[Black "Nightlife"]
[Result "0-1"]
[ICCResult "White checkmated"]
[WhiteElo "1353"]
[BlackElo "1704"]
[Opening "English opening"]
[ECO "A13"]
[NIC "EO.64"]
[Time "14:27:27"]
[TimeControl "180+0"]

1. c4 e6 2. Nc3 d5 3. e3 Nf6 4. d4 c5 5. Nf3 Nc6 6. Ne5 cxd4 7. exd4 dxc4 8.
Nxc6 bxc6 9. Bxc4 Be7 10. O-O O-O 11. Bf4 Bb7 12. Be5 Rc8 13. f4 c5 14. f5
cxd4 15. Qxd4 Qxd4+ 16. Bxd4 Rxc4 17. Bxf6 Bxf6 18. fxe6 fxe6 19. Rae1 Bxc3
20. bxc3 Rxf1+ 21. Kxf1 Rxc3 22. Rxe6 Bd5 23. Re7 a6 24. Ra7 Rc2 25. a4 Ra2
26. Ke1 Rxa4 27. g3 Ra2 28. Kd1 a5 29. Kc1 a4 30. Kb1 Bb3 31. Rb7 Rxh2 32.
Ka1 h6 33. g4 Kh7 34. g5 hxg5 35. Rb5 Kg6 36. Rb4 Kh5 37. Rb8 Kg4 38. Rb4+
Kh3 39. Rb5 g4 40. Rg5 g3 41. Rg6 g2 42. Rxg7 Rh1+ 43. Kb2 g1=Q 44. Rxg1
Rxg1 45. Ka3 Ra1+ 46. Kb4 Bd1 47. Kc3 a3 48. Kd2 Rb1 49. Kc3 a2 50. Kc4 a1=Q
51. Kd3 Rb4 52. Kd2 Qa3 53. Kxd1 Rb2 54. Kc1 Qa1# {White checkmated} 0-1

[Event "ICC Open 2015"]
[Site "Internet Chess Club"]
[Date "2015.05.30"]
[Round "3"]
[White "xionoula"]
[Black "PerMag"]
[Result "1-0"]
[ICCResult "Black forfeits on time"]
[WhiteElo "2186"]
[BlackElo "1725"]
[Opening "Queen's pawn, Mason variation"]
[ECO "D00"]
[NIC "QP.08"]
[Time "14:26:54"]
[TimeControl "180+0"]

1. d4 d5 2. Bf4 c6 3. e3 Nf6 4. Nf3 Bg4 5. Nbd2 Nbd7 6. h3 Bh5 7. Bd3 Qb6 8.
b3 e6 9. O-O Be7 10. Qc1 Bg6 11. Bxg6 hxg6 12. c4 Nh5 13. Bh2 f5 14. cxd5
exd5 15. Ne5 Nxe5 16. Bxe5 g5 17. Qc2 O-O 18. a3 Rae8 19. b4 f4 20. Qg6 fxe3
21. fxe3 Nf6 22. Qxg5 Rf7 23. Qg6 Ref8 24. Nf3 Ne8 25. Kh2 Qd8 26. Nd2 Bd6
27. Rxf7 Rxf7 28. Bxd6 Qxd6+ 29. Qxd6 Nxd6 30. Nf3 Nc4 31. Ne5 Nxe5 32. dxe5
Re7 33. Kg3 Rxe5 34. Kf2 Kf7 35. Rc1 Ke6 36. b5 Kd6 37. bxc6 bxc6 38. Rb1 g5
39. Rb7 a5 40. Ra7 Re4 41. Rxa5 Rc4 42. Ra8 Rc2+ 43. Kf3 Ra2 44. a4 Kc5 45.
Kg4 Kb4 46. g3 Rxa4 47. Rxa4+ Kxa4 48. h4 c5 49. hxg5 c4 50. g6 c3 51. g7 c2
52. g8=Q c1=Q 53. Qa8+ Kb5 54. Qxd5+ Kb4 55. Qd4+ Ka5 56. Qe5+ Kb6 57. Qf6+
Kb5 58. Qf5+ Kb6 59. Qf4 Kb5 60. e4 Qd1+ 61. Kg5 Qd7 62. Qf5+
{Black forfeits on time}
1-0

[Event "ICC Open 2015"]
[Site "Internet Chess Club"]
[Date "2015.05.30"]
[Round "3"]
[White "CrossShark"]
[Black "TheLoneKing1"]
[Result "1-0"]
[ICCResult "Black forfeits on time"]
[WhiteElo "2699"]
[BlackElo "1962"]
[Opening "French: Rubinstein variation"]
[ECO "C10"]
[NIC "FR.07"]
[Time "14:26:50"]
[TimeControl "180+0"]

1. e4 e6 2. d4 d5 3. Nc3 dxe4 4. Nxe4 Nd7 5. Nf3 Be7 6. Bd3 Ngf6 7. O-O O-O
8. c3 b6 9. Re1 Bb7 10. Nxf6+ Nxf6 11. Bg5 Rc8 12. Ne5 c5 13. Qe2 cxd4 14.
Rad1 Qd5 15. f3 Qxa2 16. Bxf6 Bxf6 17. Nd7 dxc3 18. Nxf8 Kxf8 19. bxc3 Qxe2
20. Rxe2 Rxc3 21. Ra2 a5 22. Kf1 Bd5 23. Rad2 Rc8 24. Rb1 Rb8 25. Bb5 Be5
26. h3 Bd6 27. Rc2 Bc5 28. Bd3 Rd8 29. Ke2 g6 30. g4 Ke7 31. Bb5 Kf6 32. h4
Ke5 33. Rbc1 Ra8 34. Ba4 Rb8 35. Bb5 Ra8 36. Ba4 Rb8 37. Rb1 Rd8 38. Bb5 Kf4
39. Rc3 Bb4 40. Rd3 Kg3 41. Rg1+ Kxh4 42. g5 Bc5 43. Rg4+ Kh5 44. Rd1 Bxf3+
45. Kxf3 Rxd1 46. Be2 Rd4 47. Rg2 {Black forfeits on time} 1-0

[Event "ICC Open 2015"]
[Site "Internet Chess Club"]
[Date "2015.05.30"]
[Round "3"]
[White "saira"]
[Black "truufseir"]
[Result "1-0"]
[ICCResult "Black forfeits on time"]
[WhiteElo "1731"]
[BlackElo "1572"]
[Opening "KGA: Allgaier, Walker attack"]
[ECO "C39"]
[NIC "KG.01"]
[Time "14:26:49"]
[TimeControl "180+0"]

1. e4 e5 2. f4 exf4 3. Nf3 g5 4. h4 g4 5. Ng5 h6 6. Nxf7 Kxf7 7. Bc4+ Ke7 8.
d4 Nf6 9. Bxf4 Nc6 10. e5 Nh7 11. Qxg4 d5 12. exd6+ cxd6 13. Qe2+ Kd7 14.
Nc3 Nxd4 15. Qd3 Bg7 16. O-O-O Qf6 17. Be3 Nf5 18. Rhf1 Kd8 19. g4 Re8 20.
gxf5 Bd7 21. Bd4 Qxd4 22. Qxd4 Bxd4 23. Rxd4 Rc8 24. Bf7 Rf8 25. Bg6 Nf6 26.
Rxd6 Rc6 27. Rfd1 Rxd6 28. Rxd6 Kc7 29. Rd4 Bc6 30. h5 a6 31. b3 Rd8 32.
Rxd8 Kxd8 33. Kd2 Ke7 34. Ke3 Kd6 35. Kf4 Kc5 36. Ne2 Kb4 37. c3+ Ka3 38.
Nd4 Kxa2 39. Nxc6 bxc6 40. Ke5 Ng4+ 41. Kd6 Kxb3 42. Kxc6 Kxc3 43. Kb6 a5
44. Kxa5 Kd4 45. Kb6 Ke5 46. Kc7 Kf6 47. Kd7 Ne5+ 48. Kd6 Nxg6 49. fxg6 Kf5
50. Ke7 Kg5 51. g7 {Black forfeits on time} 1-0

[Event "ICC Open 2015"]
[Site "Internet Chess Club"]
[Date "2015.05.30"]
[Round "3"]
[White "gannikus1992"]
[Black "olimpus"]
[Result "0-1"]
[ICCResult "White checkmated"]
[WhiteElo "2208"]
[BlackElo "2741"]
[Opening "Pirc: Austrian attack, 6.Bd3"]
[ECO "B06"]
[NIC "PU.02"]
[Time "14:27:32"]
[TimeControl "180+0"]

1. e4 g6 2. d4 Bg7 3. Nc3 d6 4. f4 Nf6 5. Nf3 O-O 6. Bd3 Nc6 7. d5 Nb4 8.
Be3 c6 9. dxc6 bxc6 10. O-O Ng4 11. Qe2 Nxd3 12. cxd3 Nxe3 13. Qxe3 Rb8 14.
Rab1 Qa5 15. d4 Rb4 16. h3 Be6 17. a3 Rb7 18. Rf2 Rfb8 19. Ng5 Bd7 20. g4
Rb3 21. Rc2 c5 22. dxc5 Bxc3 23. cxd6 exd6 24. Rd1 Bf6 25. Rd3 Rxd3 26. Qxd3
Bxg5 27. Qxd6 Qe1+ 28. Kh2 Rb3 29. fxg5 Qxe4 30. Rd2 Qe3 31. Qxd7 Qxh3+ 32.
Kg1 Rg3+ 33. Kf2 Rg2+ 34. Ke1 Qh1# {White checkmated} 0-1

[Event "ICC Open 2015"]
[Site "Internet Chess Club"]
[Date "2015.05.30"]
[Round "3"]
[White "MrsPiggy"]
[Black "Pkopsa"]
[Result "1-0"]
[ICCResult "Black forfeits on time"]
[WhiteElo "1417"]
[BlackElo "1580"]
[Opening "Queen's pawn game"]
[ECO "D00"]
[NIC "QP.08"]
[Time "14:26:47"]
[TimeControl "180+0"]

1. d4 d5 2. e3 e6 3. c4 c6 4. Nf3 f5 5. Be2 Nf6 6. O-O Bd6 7. Nbd2 O-O 8. b3
Qe7 9. Bb2 Nbd7 10. a4 b6 11. Re1 Bb7 12. Rb1 f4 13. exf4 Bxf4 14. Nf1 c5
15. Bc1 Bc7 16. dxc5 Nxc5 17. Be3 Ng4 18. h3 Nxe3 19. Nxe3 Qd6 20. Nf1 Rae8
21. b4 Ne4 22. Bd3 Nc3 23. Qc2 Nxb1 24. Bxh7+ Kh8 25. Rxb1 e5 26. Bg6 Re6
27. Bd3 e4 28. cxd5 Qf4 29. dxe6 exf3 30. g3 Qh6 31. Bf5 Be5 32. e7 Re8 33.
Ne3 Qg5 34. Ng4 Rxe7 35. Nxe5 Rxe5 36. Bg4 Re4 37. Rf1 Rxg4 38. hxg4 Qxg4
39. Qd3 {Black forfeits on time} 1-0

[Event "ICC Open 2015"]
[Site "Internet Chess Club"]
[Date "2015.05.30"]
[Round "3"]
[White "MJXII"]
[Black "santiagoelawad"]
[Result "0-1"]
[ICCResult "White forfeits on time"]
[WhiteElo "1517"]
[BlackElo "2054"]
[Opening "Caro-Kann: advance variation"]
[ECO "B12"]
[NIC "CK.04"]
[Time "14:26:40"]
[TimeControl "180+0"]

1. e4 c6 2. d4 d5 3. e5 Bf5 4. f4 e6 5. Nf3 Bg4 6. h3 Bxf3 7. Qxf3 h5 8. Be3
Ne7 9. Bd3 h4 10. Nd2 g6 11. g4 hxg3 12. Qxg3 c5 13. c3 Nbc6 14. dxc5 Rh5
15. Be2 Nf5 16. Qf2 Rh8 17. Bd4 Qh4 18. Qxh4 Rxh4 19. Bg4 Nfxd4 20. cxd4
Nxd4 21. O-O-O Bxc5 22. Rhf1 Ke7 23. Nf3 Nxf3 24. Rxf3 Rc8 25. Kb1 Bb4 26.
a3 Ba5 27. b4 Bb6 28. Kb2 Rhh8 29. Rc1 Rxc1 30. Kxc1 Rc8+ 31. Kd2 Rc4 32.
Rc3 Rxf4 33. Rc8 Kd7 34. Rf8 Bd4 35. Kd3 Bxe5 36. Be2 Bd6 37. Ra8 a6 38. Rh8
Rc4 39. Rh7 Ke7 40. Ke3 Re4+ 41. Kf3 Rf4+ 42. Ke3 Kf6 43. h4 d4+ 44. Kd3 e5
45. h5 gxh5 46. Rxh5 Rf5 47. Rh7 Rg5 48. Rh8 Rg3+ 49. Kc2 Re3 50. Bd3 e4 51.
Rb8 exd3+ 52. Kd2 Re2+ {White forfeits on time} 0-1

[Event "ICC Open 2015"]
[Site "Internet Chess Club"]
[Date "2015.05.30"]
[Round "3"]
[White "ibarra"]
[Black "Ricotero"]
[Result "1-0"]
[ICCResult "Black checkmated"]
[WhiteElo "2736"]
[BlackElo "2024"]
[Opening "Latvian counter-gambit"]
[ECO "C40"]
[NIC "KP.09"]
[Time "14:27:45"]
[TimeControl "180+0"]

1. e4 e5 2. Nf3 f5 3. Nxe5 Qf6 4. d4 d6 5. Nc4 fxe4 6. Nc3 Qg6 7. f3 exf3 8.
Qxf3 Qg4 9. Qe3+ Qe6 10. Nd5 Na6 11. Na5 Qxe3+ 12. Bxe3 Nf6 13. Nxf6+ gxf6
14. Bxa6 bxa6 15. O-O Bg7 16. d5 Bd7 17. Bd4 Kf7 18. Rf3 Rab8 19. Raf1 f5
20. Bxg7 Kxg7 21. Nb3 a5 22. Re1 Kf6 23. Nd4 Rxb2 24. Nxf5 Bxf5 25. g4 Rxc2
26. Rxf5+ Kg7 27. Re7+ Kg6 28. h4 Rb8 29. h5+ Kh6 30. Re6+ Kg7 31. h6+ Kh8
32. Ref6 Rg8 33. Rf8 Rxa2 34. R5f7 a4 35. Rxg8+ Kxg8 36. Rg7+ Kh8 37. Rxc7
Rd2 38. Rc8# {Black checkmated} 1-0

[Event "ICC Open 2015"]
[Site "Internet Chess Club"]
[Date "2015.05.30"]
[Round "3"]
[White "Sibelephant"]
[Black "Ernani"]
[Result "1-0"]
[ICCResult "Black resigns"]
[WhiteElo "3180"]
[BlackElo "2686"]
[Opening "Old Benoni defense"]
[ECO "A46"]
[NIC "QP.06"]
[Time "14:27:56"]
[TimeControl "180+0"]

1. d4 Nf6 2. Nf3 c5 3. d5 b5 4. Bg5 d6 5. Bxf6 exf6 6. e4 a6 7. a4 b4 8.
Nbd2 f5 9. exf5 Bxf5 10. Nc4 a5 11. Bd3 Bg4 12. h3 Bh5 13. g4 Bg6 14. Qe2+
Be7 15. O-O-O O-O 16. Rde1 Re8 17. Kb1 Nd7 18. Bxg6 hxg6 19. h4 Nb6 20. Nxb6
Qxb6 21. Nd2 Qb7 22. Nc4 b3 23. cxb3 Qxb3 24. Qc2 Qb7 25. Rd1 Bf8 26. g5 Qd7
27. Nb6 Qg4 28. Nxa8 Rxa8 29. Rdg1 Qf4 30. Rh3 Rb8 31. Rgh1 Rb4 32. h5 Rxa4
33. hxg6 fxg6 34. Qxg6 Qe4+ 35. Qxe4 Rxe4 36. g6 {Black resigns} 1-0